 Dungeon Crawl Stone Soup version 0.29.1-15-g9cfb28693d (webtiles) character file.

Game seed: 3416416178152296087

319 Arctor the Trooper (level 6, -1/56 HPs)
             Began as a Minotaur Fighter on Feb 25, 2023.
             Slain by an orc
             ... wielding a +0 short sword of electrocution
              (11 damage)
             ... on level 4 of the Dungeon.
             The game lasted 00:02:08 (3278 turns).

Arctor the Trooper (Minotaur Fighter)               Turns: 3278, Time: 00:02:09

Health: -1/56      AC: 14    Str: 22    XL:     6   Next: 21%
Magic:  0/5        EV:  6    Int:  5    God:
Gold:   175        SH:  0    Dex: 10    Spells: 5/5 levels left

rFire   . . .      SeeInvis .   a - +0 war axe
rCold   . . .      Faith    .   c - +0 buckler
rNeg    . . .      Spirit   +   f - +0 plate armour
rPois   .          Reflect  .   (helmet restricted)
rElec   .          Harm     .   (no cloak)
rCorr   .          Rampage  .   n - +1 pair of gloves
Will    .....                   (no boots)
Stlth   ..........              e - amulet of guardian spirit
HPRegen 0.18/turn               (no ring)
MPRegen 0.09/turn               (no ring)

@: confused
A: horns 2, retaliatory headbutt
a: no special abilities


You were on level 4 of the Dungeon.
You visited 1 branch of the dungeon, and saw 4 of its levels.

You collected 175 gold pieces.

Inventory:

Hand Weapons
 a - a +0 war axe (weapon)
Armour
 b - a +0 scale mail
 c - a +0 buckler (worn)
 f - a +0 plate armour (worn)
 n - a +1 pair of gloves (worn)
Jewellery
 e - an amulet of guardian spirit (around neck)
Wands
 i - a wand of acid (2)
 o - a wand of polymorph (5)
Scrolls
 k - a scroll of enchant weapon {unknown}
 l - a scroll of poison {unknown}
 r - a scroll of brand weapon {unknown}
 s - 3 scrolls of identify
 t - a scroll of fog {unknown}
 u - a scroll of amnesia
Potions
 d - 2 potions of might
 g - 2 potions of haste
 h - 3 potions of curing {unknown}
 j - a potion of heal wounds {unknown}
 m - a potion of flight {unknown}
 p - 2 potions of lignification {unknown}
 q - a potion of mutation {unknown}


   Skills:
 + Level 5.2 Fighting
 + Level 4.4 Axes
 + Level 5.2 Armour
 + Level 5.2 Shields


You had 5 spell levels left.
You didn't know any spells.
Your spell library contained the following spells:

 Spells                   Type           Power      Damage    Failure   Level
 Tukima's Dance           Hex            0%         N/A       100%        3
 Leda's Liquefaction      Hex/Erth       0%         N/A       100%        4
 Passage of Golubria      Tloc           0%         N/A       100%        4
 Lee's Rapid Deconstruct  Erth           0%         3d5*      100%        5
 Yara's Violent Unravell  Hex/Tmut       0%         3d3       100%        5
 Statue Form              Tmut/Erth      0%         N/A       100%        6


Dungeon Overview and Level Annotations

Branches:
Dungeon (4/15)
 Temple: D:4-7

Altars:
Yredelemnul

Annotations:
D:1 1 transporter


Innate Abilities, Weirdness & Mutations

You have a pair of horns on your head.
You reflexively headbutt those who attack you in melee.


Message History

You bump into the rock wall.
You bump into the rock wall.
You are more confused.
You hear the rapid rusting of a drain.
You see here a clear potion.
You're too confused to move!
An orc comes into view.
It is wielding a +0 short sword of electrocution.
You bump into the rock wall.
You hear some strange, mumbled words.
You are more confused.
You completely miss something.
You hear some strange, mumbled words.
A puff of flame appears from out of thin air!
The puff of flame hits you but does no damage.
Something hits you but does no damage.
You closely miss something. You headbutt something.
Something hits you but does no damage.
You hit something. Your headbutt misses something.
Something hits you but does no damage.
You slash something!
Reactivating autopickup.
You feel a bit more experienced. The orc closely misses you.
You barely miss the orc.
The orc hits you with a +0 short sword of electrocution.
You're too confused to move!
The orc hits you but does no damage.
You are electrocuted!!
You bump into the rock wall.
An orc comes into view. It is wielding a +0 club.
The orc hits you with a +0 short sword of electrocution.
You bump into the rock wall.
The orc hits you but does no damage.
You barely miss the orc.
The orc hits you with a +0 short sword of electrocution.
You are electrocuted!!
* * * LOW HITPOINT WARNING * * *
You bump into the rock wall.
The orc barely misses you.
You're too confused to move!
The orc hits you but does no damage.
Unknown command.
You bump into the rock wall.
The orc hits you but does no damage.
You are electrocuted!
You die...

.####...###....#
................
##...............
#................
#................
#................
#........)......#
#######...............#
#...oo@..........).).)#
#.######..........[.)).
.[................#
#+####.##.#####...#
#.##)# #..## #.##.#
#..# #...<# ..## #....#
.## #....#


You could see 2 orcs.

Vanquished Creatures
  A necrophage (D:3)
  2 orc priests
  A jelly (D:4)
  2 orc wizards (D:4)
  4 adders
  9 orcs
  6 endoplasms
  4 giant cockroaches
  4 hobgoblins
  A quokka (D:1)
  6 ball pythons
  7 bats
  9 frilled lizards
  9 goblins
  5 kobolds
  10 rats
80 creatures vanquished.

Notes
Turn   | Place    | Note
-------+----------+-------------------------------------------
     0 | D:1      | Arctor the Minotaur Fighter began the quest for the Orb.
     0 | D:1      | Reached XP level 1. HP: 19/19 MP: 0/0
   174 | D:1      | Found a faded altar of an unknown god.
   183 | D:1      | Reached XP level 2. HP: 27/27 MP: 1/1
   997 | D:2      | Reached XP level 3. HP: 28/33 MP: 2/2
  1782 | D:3      | Reached XP level 4. HP: 41/41 MP: 3/3
  1848 | D:3      | Found a basalt altar of Yredelemnul.
  2661 | D:4      | Noticed a necrophage
  2672 | D:4      | Reached XP level 5. HP: 29/47 MP: 1/4
  2688 | D:3      | Reached skill level 5 in Fighting
  2688 | D:3      | Reached skill level 5 in Armour
  2933 | D:4      | Reached skill level 5 in Shields
  2956 | D:4      | Reached XP level 6. HP: 15/56 MP: 1/5
  3278 | D:4      | Slain by an orc

Illustrated notes

Levels and vault maps discovered:
D:1:      spicycebolla_arrival_risky_transporter, layout_loops_ring,
          shapermc_ecumenical_altar_mp_vishouse
D:2:      layout_loops_cross
D:3:      layout_basic, mainiacjoe_overflow_alcove_1, serial_glass,
          glass_columns_a, glass_columns_a, glass_columns_a
D:4:      layout_rooms, kennysheep_mini, nicolae_overflow_hidden_temple,
          gammafunk_ghost_abyssal_escape, serial_shops, nicolae_take_the_stairs,
          nicolae_stop_n_shop_2, nicolae_lakefront_shop, portal_sewer_entry_c

Skill      XL: |  1  2  3  4  5 |
---------------+----------------+-----
Armour         | 4 5 |  5.2
Fighting       | 4 5 |  5.2
Shields        | 4 5 |  5.2
Axes           | 3 4 |  4.4

Action                   |  1- 3 |  4- 6 || total
-------------------------+-------+-------++-------
Melee: War axe           |    98 |    90 ||   188
       Headbutt          |     8 |     6 ||    14
       Unarmed           |     3 |       ||     3
  Use: Scroll            |     5 |       ||     5
Armor: Scale mail        |    19 |       ||    19
       Plate armour      |    33 |    61 ||    94
Dodge: Dodged            |    52 |    16 ||    68
Block: Buckler           |    18 |    16 ||    34
